 Dungeon Crawl Stone Soup version 0.31-a0-145-g046c7d2549 (webtiles) character file.

Game seed: 14350012625543466942

950 Irreverend the Grave Robber (level 7, -5/36 HPs)
             Began as a Deep Elf Necromancer on June 7, 2023.
             Killed by divine providence
             ... invoked by an orc priest
              (15 damage)
             ... on level 6 of the Dungeon.
             The game lasted 00:14:08 (5542 turns).

Irreverend the Grave Robber (Deep Elf Necromancer)  Turns: 5542, Time: 00:14:08

Health: -5/36      AC:  3    Str:  5    XL:     7   Next: 90%
Magic:  0/19       EV: 15    Int: 22    God:
Gold:   283        SH:  0    Dex: 15    Spells: 12/20 levels left

rFire   . . .        (no weapon)
rCold   . . .        (no shield)
rNeg    . . .        a - +0 robe
rPois   .            (no helmet)
rElec   .            (no cloak)
rCorr   +            (no gloves)
SInv    .            v - +0 pair of boots
Will    .....        (no amulet)
Stlth   ++           f - ring of flight
HPRegen 0.26/turn    j - ring of resist corrosion
MPRegen 0.16/turn

%: no passive effects
@: animating dead, flying
A: no striking features
a: no special abilities


You were on level 6 of the Dungeon.
You visited 1 branch of the dungeon, and saw 6 of its levels.

You collected 283 gold pieces.

Inventory:

Armour
 a - a +0 robe (worn)
 v - a +0 pair of boots (worn)
Jewellery
 f - a ring of flight (left hand)
 j - a ring of resist corrosion (right hand)
 m - a ring of fire
Scrolls
 e - 9 scrolls of identify {unknown}
 g - 2 scrolls of immolation {unknown}
 h - 6 scrolls of noise {unknown}
 i - 5 scrolls of vulnerability {unknown}
 k - 2 scrolls of magic mapping {unknown}
 p - a scroll of teleportation {unknown}
 q - a scroll of enchant weapon {unknown}
 r - 2 scrolls of fear {unknown}
 t - 2 scrolls of fog {unknown}
 u - a scroll of amnesia {unknown}
 w - a scroll of brand weapon {unknown}
Potions
 b - a potion of magic
 c - 4 potions of curing {unknown}
 d - a potion of mutation {unknown}
 l - 2 potions of cancellation {unknown}
 n - a potion of attraction {unknown}
 o - a potion of lignification {unknown}
 s - a potion of haste {unknown}


   Skills:
 + Level 6.7 Dodging
 - Level 2.6 Stealth
 + Level 7.4 Spellcasting
 + Level 7.9 Necromancy


You had 12 spell levels left.
You knew the following spells:

 Your Spells              Type           Power      Damage    Failure   Level
a - Necrotise             Necr           100%       1d9       1%          1
b - Animate Dead          Necr           42%        N/A       3%          4
c - Vampiric Draining     Necr           42%        2d9       1%          3

Your spell library contained the following spells:

 Spells                   Type           Power      Damage    Failure   Level
 Kiss of Death            Conj/Necr      100%       2d13      1%          1
 Dispel Undead            Necr           42%        3d17      3%          4
 Apportation              Tloc           16%        N/A       8%          1
 Magic Dart               Conj           32%        1d4       8%          1
 Summon Small Mammal      Summ           32%        N/A       8%          1
 Agony                    Necr           42%        N/A       9%          5
 Call Imp                 Summ           16%        N/A       12%         2
 Confusing Touch          Hex            8%         N/A       24%         3
 Mephitic Cloud           Conj/Pois/Air  8%         N/A       24%         3
 Leda's Liquefaction      Hex/Erth       4%         N/A       61%         4
 Petrify                  Tmut/Erth      8%         N/A       61%         4
 Lee's Rapid Deconstruct  Erth           4%         3d5*      91%         5
 Metabolic Englaciation   Hex/Ice        4%         N/A       91%         5
 Leda's Unmaking          Conj/Erth      4%         9d2       100%        6
 Statue Form              Tmut/Erth      5%         N/A       100%        6


Dungeon Overview and Level Annotations

Branches:
Dungeon (6/15)
 Temple: D:4-7

Altars:
Okawaru
Xom


Message History

The dead are walking!
You barely miss the orc priest.
The orc priest hits you with a +0 flail.
You closely miss the orc priest. Your punch misses the orc priest.
The orc priest looks encouraged for a moment.
Found a stone staircase leading up.
Your orc priest zombie barely misses the orc priest.
The orc priest looks satisfied for a moment.
You hit the orc priest but do no damage.
Your adder zombie bites the orc priest.
Your orc priest zombie hits the orc priest.
The orc priest barely misses you.
You hit the orc priest but do no damage.
The orc priest is lightly wounded.
Your adder zombie bites the orc priest.
The orc priest hits you with a +0 flail.
Your adder zombie bites the orc priest.
Your orc priest zombie closely misses the orc priest.
Casting: Necrotise (safe; 1% risk of failure)
Confirm with . or Enter, or press ? or * to list all spells.
Aiming: Necrotise (safe; 1% risk of failure)
Press: ? - help, Shift-Dir - straight line, f - orc priest
Aim: an orc priest, wielding a +0 flail and wearing a +0 leather armour (moderately wounded, ally target, chance to affect: 83%)
The orc priest writhes in agony.
Your adder zombie bites the orc priest but does no damage.
The orc priest hits you with a +0 flail!
You hit the orc priest.
The orc priest is severely wounded.
Your orc priest zombie completely misses the orc priest.
Your adder zombie bites the orc priest but does no damage.
The orc priest invokes the aid of Beogh against you.
Beogh smites you!
* * * LOW HITPOINT WARNING * * *
You barely miss the orc priest.
The orc priest is severely wounded.
Your orc priest zombie barely misses the orc priest.
Your adder zombie closely misses the orc priest.
The orc priest calls down the wrath of Beogh upon you.
Beogh smites you!
You die...

### #.# ...
### #.# <#
+.###Z# #.#..
#..##o#......
#..ZZ@..#
+..####....#
#.#.......##
#<#.###.###
#.#.# .....
...#..
#...####
#....


You could see an orc priest (ally target), a friendly adder zombie, a friendly
orc priest zombie and a friendly orc wizard zombie.

Vanquished Creatures
  Edmund (D:5)
  A water moccasin (D:5)
  An ogre (D:4)
  A scorpion (D:5)
  An orc priest (D:6)
  4 jellies
  3 iguanas
  An orc wizard (D:6)
  7 adders
  5 worms
  A dart slug (D:2)
  2 orcs
  5 bats
  18 endoplasms
  6 giant cockroaches
  9 hobgoblins
  4 quokkas
  8 ball pythons
  2 frilled lizards
  10 goblins
  20 kobolds
  6 rats
  A butterfly (D:5)
117 creatures vanquished.

Vanquished Creatures (collateral kills)
  A phantom (D:5)
  A howler monkey (D:5)
  Robin (D:4)
  An adder (D:3)
  A white imp (D:5)
  An ufetubus (D:5)
  An orc (D:6)
  2 endoplasms
  3 goblins
  2 hobgoblins
  A rat (D:1)
  A butterfly (D:5)
16 creatures vanquished.

Vanquished Creatures (others)
  A water moccasin zombie (D:5)
  An ogre zombie (D:4)
  A human zombie (D:5)
  3 adder zombies
  3 endoplasm zombies (D:2)
  A giant cockroach zombie (D:4)
  2 orc zombies (D:6)
12 creatures vanquished.

Grand Total: 145 creatures vanquished

Notes
Turn   | Place    | Note
-------+----------+-------------------------------------------
     0 | D:1      | Irreverend the Deep Elf Necromancer began the quest for the
                  | Orb.
     0 | D:1      | Reached XP level 1. HP: 10/10 MP: 6/6
   217 | D:1      | Reached skill level 5 in Necromancy
   217 | D:1      | Reached XP level 2. HP: 15/15 MP: 5/8
   825 | D:2      | Reached XP level 3. HP: 8/19 MP: 7/10
  1368 | D:2      | Reached XP level 4. HP: 24/24 MP: 9/12
  1530 | D:2      | Learned a level 4 spell: Animate Dead
  1564 | D:2      | Reached XP level 5. HP: 22/28 MP: 5/13
  2361 | D:3      | Reached skill level 5 in Spellcasting
  2604 | D:3      | You fall into a shaft and drop 1 floor!
  2971 | D:3      | Learned a level 3 spell: Vampiric Draining
  3429 | D:4      | Reached XP level 6. HP: 32/32 MP: 8/16
  3687 | D:4      | Reached skill level 5 in Dodging
  3845 | D:4      | Noticed Robin
  3876 | D:4      | Killed Robin
  4394 | D:5      | Entered Level 5 of the Dungeon
  4424 | D:5      | Found a shimmering altar of Xom.
  4456 | D:5      | Noticed a water moccasin
  4460 | D:5      | Killed a water moccasin
  4486 | D:5      | Reached XP level 7. HP: 32/36 MP: 6/18
  4672 | D:5      | Found an iron altar of Okawaru.
  4951 | D:5      | Noticed Edmund
  4963 | D:5      | Killed Edmund
  5292 | D:5      | Your ally Edmund died
  5542 | D:6      | Killed from afar by an orc priest

Illustrated notes

Levels and vault maps discovered:
D:1:      amcnicky_arrival_wind_blow, layout_basic, corexii_leaking_fountain,
          feat_on_display
D:2:      cheibrodos_fertilizer, layout_basic, minmay_misc_feat_roman,
          nicolae_wormholes
D:3:      layout_loops_cross
D:4:      layout_gridville, kennysheep_boxes, uniq_robin
D:5:      layout_rooms, xom_butterflies, kennysheep_okawaru_gauntlet,
          minmay_stone_trees_large, uniq_edmund
D:6:      layout_loops_ring, mainiacjoe_overflow_24_doors, minitemple,
          minmay_temple_entry_enclosed_plants

Skill      XL: |  1  2  3  4  5  6  7 |
---------------+----------------------+-----
Necromancy     | 5 6 7 |  7.9
Dodging        | 3 4 5 6 |  6.7
Spellcasting   | 4 5 6 7 |  7.4
Stealth        | |  2.6

Action                     |  1- 3 |  4- 6 |  7- 9 || total
---------------------------+-------+-------+-------++-------
  Melee: Unarmed           |     1 |    11 |     6 ||    18
   Cast: Necrotise         |    88 |   111 |    26 ||   225
         Animate Dead      |       |     8 |     3 ||    11
         Vampiric Draining |       |     8 |    15 ||    23
   Stab: Sleeping          |       |     1 |       ||     1
 Armour: Robe              |     4 |    10 |       ||    14
  Dodge: Dodged            |    11 |    39 |     7 ||    57

Table legend: (Time is in decaauts)
 A = Elapsed time spent in this place.
 B = Non-inter-level travel time spent in this place.
 C = Inter-level travel time spent in this place.
 D = Time resting spent in this place.
 E = Time spent auto-exploring this place.
 F = Levels seen in this place.
 G = Mean time per level.
                   A        B        C        D        E       F      G
               +--------+--------+--------+--------+--------+-----+--------+
         Total |   5539 |   5454 |     85 |   1405 |   2893 |   6 |  923.2 |
       Dungeon |   5539 |   5454 |     85 |   1405 |   2893 |   6 |  923.2 |
               +--------+--------+--------+--------+--------+-----+--------+

Top non-repeatable levels by time:
     D:2: 1452 daAuts
     D:4: 1224 daAuts
     D:5: 1116 daAuts
     D:3: 893 daAuts
     D:1: 822 daAuts
     D:6: 29 daAuts
